 Dungeon Crawl Stone Soup version 0.21.1-1-g345015f (webtiles) character file.

75 Jawreze the Ruffian (level 4, -5/35 HPs)
             Began as a Draconian Transmuter on May 28, 2018.
             Slain by an ice beast (8 damage)
             ... on level 2 of the Dungeon.
             The game lasted 00:05:53 (2092 turns).

Jawreze the Ruffian (Draconian Transmuter)          Turns: 2092, Time: 00:05:54

Health: -5/35      AC:  5    Str: 12    XL:     4   Next: 11%
Magic:  3/7        EV: 12    Int: 15    God:
Gold:   55         SH:  0    Dex: 11    Spells: 2/8 levels left

rFire    . . .     SeeInvis .     - Unarmed
rCold    . . .     Gourm    .   (no shield)
rNeg     . . .     Faith    .   (armour unavailable)
rPois    .         Spirit   .   (helmet restricted)
rElec    .         Reflect  .   (no cloak)
rCorr    .         Harm     .   (no gloves)
MR       .....                  (boots currently unavailable)
Stlth    +.........             (no amulet)
HPRegen  0.11/turn              (no ring)
MPRegen  0.10/turn              (no ring)

@: appendage (expiring)
A: unfitting armour, talons 3, cold-blooded, AC +5
a: End Transformation


You were on level 2 of the Dungeon.
You were hungry.
You had grown temporary talons.
You visited 1 branch of the dungeon, and saw 3 of its levels.

You collected 55 gold pieces.

Inventory:

Hand Weapons
 d - a +0 hunting sling
Missiles
 a - 55 arrows
 i - 39 stones (quivered)
Jewellery
 h - an uncursed amulet of harm {unknown}
Scrolls
 f - 2 scrolls of remove curse {unknown}
 g - a scroll of noise {unknown}
 l - 2 scrolls of identify {unknown}
 m - a scroll of enchant armour {unknown}
Potions
 e - 2 potions of lignification {unknown}
 k - a potion of curing {unknown}
 n - a potion of brilliance {unknown}
Books
 b - a book of Changes

   Spells                             Type                      Level
   a - Beastly Appendage              Transmutation                1
   b - Sticks to Snakes               Transmutation                2
   c - Spider Form                    Transmutation/Poison         3
   d - Ice Form                       Ice/Transmutation            4
   e - Blade Hands                    Transmutation                5
Comestibles
 c - 4 rations


   Skills:
 - Level 1.1 Fighting
 - Level 1.7 Dodging
 * Level 4.1 Unarmed Combat
 + Level 2.6 Spellcasting
 + Level 2.7 Transmutations


You had 2 spell levels left.
You knew the following spells:

 Your Spells              Type           Power        Failure   Level  Hunger
a - Beastly Appendage     Tmut           ##....       7%          1    #......
b - Sticks to Snakes      Tmut           ##......     10%         2    ###....
c - Spider Form           Tmut/Pois      #.........   34%         3    ###....


Dungeon Overview and Level Annotations

Branches:
Dungeon (3/15)

Altars:


Innate Abilities, Weirdness & Mutations

Your plain brown scales are hard. (AC +5)
You cannot fit into any form of body armour.
You are cold-blooded and may be slowed by cold attacks.
You have claws for feet.


Message History

Confirm with . or Enter, or press ? or * to list all spells.
Your feet morph into talons.
Your ball python bites the ice beast but does no damage.
You hit the ice beast but do no damage. The ice beast hits you.
The ice beast freezes you!
You feel yourself slow down.
* * * LOW HITPOINT WARNING * * *
Your ball python bites the ice beast but does no damage.
You barely miss the ice beast.
The ice beast hits you but does no damage.
Your ball python bites the ice beast.
You hit the ice beast.
The ice beast is lightly wounded.
Your transformation is almost over.
You feel yourself speed up.
Your ball python barely misses the ice beast.
The ice beast misses you.
Your ball python barely misses the ice beast.
The ice beast hits you.
* * * LOW HITPOINT WARNING * * *
The ice beast freezes you!
You die...

#.#
##Y......##
##.##.## #.##.
..# ##.....##
####...# #.#..
.## ##...##
#......# #.#..
.# ##'##
#.##...# #.#..
.## #.#
#.###### #.#.#
.)# #.# #.#
#.#.# ..#
##.## #.#
#.#.. ..#
##...#######.#
#.... .##
#.......SY@..#
###.. .#
##...#########
### .# ##..#
.#########.#
...>.......#
############


You could see an ice beast and a friendly ball python.

Vanquished Creatures
  2 adders (D:2)
  A dart slug (D:1)
  4 leopard geckos
  6 bats
  4 giant cockroaches
  5 goblins
  6 hobgoblins
  3 frilled lizards
  5 kobolds
  11 rats
47 creatures vanquished.

Vanquished Creatures (collateral kills)
  An orc (D:2)
  A quokka (D:2)
  A ball python (D:2)
  A bat (D:2)
  A kobold (D:2)
5 creatures vanquished.

Grand Total: 52 creatures vanquished

Notes
Turn   | Place    | Note
-------+----------+-------------------------------------------
     0 | D:1      | Jawreze the Draconian Transmuter began the quest for the Orb.
     0 | D:1      | Reached XP level 1. HP: 16/16 MP: 3/3
   341 | D:1      | Reached XP level 2. HP: 15/23 MP: 5/5
   506 | D:1      | Learned a level 2 spell: Sticks to Snakes
   752 | D:1      | Reached XP level 3. HP: 18/28 MP: 6/6
  1666 | D:2      | Reached skill level 4 in Unarmed Combat
  1671 | D:2      | Learned a level 3 spell: Spider Form
  1841 | D:2      | Reached XP level 4. HP: 35/35 MP: 4/7
  1954 | D:3      | Noticed an ice beast
  2092 | D:2      | Slain by an ice beast

Skill      XL: |  1  2  3 |
---------------+----------+-----
Unarmed Combat | 4 |  4.1
Fighting       | |  1.1
Dodging        | |  1.7
Spellcasting   | |  2.6
Transmutations | |  2.7

Action                   |  1- 3 |  4- 6 || total
-------------------------+-------+-------++-------
Melee: Unarmed           |   162 |    13 ||   175
       Kick              |     8 |       ||     8
       Tailslap          |    13 |       ||    13
       Headbutt          |     1 |       ||     1
       Punch             |     1 |       ||     1
 Cast: Beastly Appendage |    13 |     1 ||    14
       Sticks to Snakes  |     4 |     6 ||    10
 Stab: Sleeping          |     1 |       ||     1
  Eat: Chunk             |     4 |       ||     4
Armor: Skin              |    45 |     9 ||    54
Dodge: Dodged            |   110 |    10 ||   120
